AoeStats
← Rigby231231

Arabia

507856080Analyzed
2v2 RM · 13d ago on Sep 19, 2026· 71m 40s· 4 players
Game mode
Random Map
Map size
Medium (4 player)
Population
200
Speed
Normal
Resources
Standard
Victory
Conquest
Starting age
Dark Age
Ending age
Imperial Age
RankedLock teamsTeams togetherTeam positionsShared explorationLock speedFull tech treeHidden civsTurbo modeCheats
Victory
Defeat
🇨🇴 Magyars · Colombia
855
+42
🇨🇴 Turks · Colombia
672
+23
🇺🇸 Gurjaras · United States
825
-47
🇺🇸 Britons · United States
825
-47
Rigby231231
0:44 Loom
14:14 Feudal Age
14:56 Double-Bit Axe
15:14 Horse Collar
19:44 Gold Mining
20:47 Stone Mining
28:21 Castle Age
29:28 Town Watch
30:37 Padded Archer Armor
31:48 Husbandry
39:06 Fletching
54:19 Bow Saw
56:00 Bodkin Arrow
56:21 Leather Archer Armor
56:16 Scale Barding Armor
60:05 Gold Shaft Mining
61:29 Wheelbarrow
61:40 Squires
64:36 Imperial Age
62:49 Wheelbarrow
62:14 Town Patrol
64:49 Bloodlines
66:28 Heavy Camel Rider
Ykkur
1:26 Loom
3:36 Loom
10:32 Feudal Age
11:07 Horse Collar
11:20 Double-Bit Axe
15:28 Town Watch
20:38 Bloodlines
24:39 Castle Age
24:44 Scale Barding Armor
27:14 Horse Collar
28:44 Bow Saw
29:48 Husbandry
31:35 Chain Barding Armor
37:38 Wheelbarrow
37:27 Fletching
44:52 Imperial Age
43:32 Bodkin Arrow
44:55 Gold Mining
47:34 Cavalier
48:56 Plate Barding Armor
48:12 Treadmill Crane
48:44 Siege Engineers
49:08 Hand Cart
52:03 Crossbowman
53:02 Arbalester
53:48 Padded Archer Armor
53:50 Bracer
55:18 Ballistics
54:40 Paladin
55:38 Leather Archer Armor
55:59 Heavy Plow
57:44 Ring Archer Armor
57:24 Thumb Ring
58:57 Chemistry
59:07 Two-Man Saw
58:16 Corvinian Army
59:53 Conscription
58:58 Elite Magyar Huszar
X-Minor
8:44 Loom
11:34 Feudal Age
9:53 Loom
11:39 Feudal Age
24:43 Castle Age
24:52 Crossbowman
26:40 Fletching
26:17 Light Cavalry
46:03 Bloodlines
45:53 Husbandry
46:10 Forging
46:07 Scale Barding Armor
SwagAchu
1:32 Loom
9:35 Feudal Age
10:04 Double-Bit Axe
10:12 Gold Mining
14:56 Fletching
16:44 Wheelbarrow
22:43 Castle Age
21:00 Padded Archer Armor
26:33 Crossbowman
30:57 Bodkin Arrow
33:45 Leather Archer Armor
43:02 Imperial Age
42:32 Sanctity
42:14 Devotion
47:14 Arbalester
56:58 Bracer
57:29 Ring Archer Armor
Connection lost

Rejoining the realm…

Still unreachable

The connection could not be restored.

Session expired

The server has moved on; the page needs a fresh start.